 Dungeon Crawl Stone Soup version 0.23.1-41-g7e51ed3 (webtiles) character file.

Game seed: 13509560919104735605

368 Borgoz the Cutter (level 6, 0/37 HPs)
             Began as a Gargoyle Gladiator on Mar 29, 2019.
             Slain by a wight
             ... wielding a +4 falchion of freezing
              (2 damage)
             ... on level 4 of the Dungeon.
             The game lasted 00:05:09 (2846 turns).

Borgoz the Cutter (Gargoyle Gladiator)              Turns: 2846, Time: 00:05:09

Health: 0/37       AC: 10    Str: 22    XL:     6   Next: 69%
Magic:  6/6        EV: 13    Int:  9    God:
Gold:   188        SH:  0    Dex: 13    Spells: 5/5 levels left

rFire    + . .     SeeInvis +   a - +0 rapier
rCold    . . .     Gourm    .   (no shield)
rNeg     + . .     Faith    .   b - +0 leather armour
rPois    ∞         Spirit   .   c - +0 helmet
rElec    +         Reflect  .   (no cloak)
rCorr    .         Harm     .   (no gloves)
MR       .....                  h - +0 pair of boots
Stlth    ++........             (no amulet)
HPRegen  0.12/turn              t - ring of protection from fire
MPRegen  0.10/turn              i - ring of see invisible

@: mighty, flying
A: negative energy resistance 1, electricity resistance, unbreathing,
petrification resistance, rot immunity, AC +4
a: no special abilities


You were on level 4 of the Dungeon.
You were not hungry.

You visited 1 branch of the dungeon, and saw 4 of its levels.

You collected 188 gold pieces.

Inventory:

Hand Weapons
 a - a +0 rapier (weapon)
Missiles
 d - 2 throwing nets (quivered)
 m - 19 poisoned needles
Armour
 b - a +0 leather armour (worn)
 c - a +0 helmet (worn)
 h - a +0 pair of boots (worn)
Jewellery
 e - an uncursed ring of protection from fire
 i - a ring of see invisible (right hand)
 t - a ring of protection from fire (left hand)
Scrolls
 g - 4 scrolls of identify {unknown}
 n - a scroll of blinking {unknown}
 o - 2 scrolls of remove curse {unknown}
 p - 2 scrolls of immolation {unknown}
 q - 2 scrolls of enchant weapon {unknown}
 r - a scroll of amnesia {unknown}
 s - a scroll of teleportation {unknown}
Comestibles
 f - 7 rations


   Skills:
 + Level 3.3 Fighting
 * Level 4.0 Short Blades
 - Level 1.7 Throwing
 * Level 3.3 Armour
 * Level 3.7 Dodging
 + Level 2.3 Stealth


You had 5 spell levels left.
You didn't know any spells.
Your spell library was empty.

Dungeon Overview and Level Annotations

Branches:
Dungeon (4/15)
 Temple: D:4-7

Altars:
The Shining One

Shops:
D:4 [


Innate Abilities, Weirdness & Mutations

You are resistant to torment.
Your stone body is resilient. (AC +4)
You are immune to poison.
You resist negative energy. (rN+)
You are resistant to electric shocks. (rElec)
You can survive without breathing.
You are immune to petrification.
You are immune to rotting.


Message History

You destroy the wight!
The wight closely misses you.
The wight struggles against the net.
The wight hits you with a +3 trident.
* * * LOW HITPOINT WARNING * * *
The wight struggles against the net.
The net rips apart, and the wight comes free!
Things that are here:
a +0 dagger; a +0 robe You closely miss the wight.
The wight closely misses you.
Okay, then.
You hit the wight.
The wight is lightly damaged.
The wight completely misses you.
You puncture the wight!
You destroy the wight!
Your Short Blades skill increases to level 4!
You hit the wight.
The wight is heavily damaged.
The wight hits you with a +4 falchion of freezing.
You die...

#....# ######### #####....#
.∩......# #...#....# #######.#
#.#.#....# #...#
.####.#.####.#......# #...#
......#.#....###....# #...#####
###.....#.######....####........
..#....##.#....#.####...........
..#.....#.#.##.#@# #...........
..#.......#.##.#z####...........
#.#.......÷.#...<...#...........
#>..(...........................
#................<..............
######...##...##..#)#.#>#.######
######.#.####.....#.....#.##
..................###......#
............##.######......#


You could see a wight.

Vanquished Creatures
  A phantom (D:3)
  2 wights (D:4)
  A crimson imp (D:4)
  3 gnolls (D:2)
  3 adders
  An ooze (D:2)
  A worm (D:3)
  3 dart slugs
  A leopard gecko (D:2)
  6 orcs
  2 giant cockroaches (D:1)
  11 goblins
  5 hobgoblins
  6 jackals (D:3)
  2 ball pythons
  11 bats
  6 frilled lizards
  A goblin skeleton (D:4)
  10 kobolds
  3 orc skeletons (D:4)
  2 orc zombies (D:4)
  10 rats
91 creatures vanquished.

Notes
Turn   | Place    | Note
-------+----------+-------------------------------------------
     0 | D:1      | Borgoz the Gargoyle Gladiator began the quest for the Orb.
     0 | D:1      | Reached XP level 1. HP: 12/12 MP: 1/1
   149 | D:1      | Reached XP level 2. HP: 17/17 MP: 2/2
   200 | D:1      | Reached skill level 1 in Armour
   343 | D:1      | Reached XP level 3. HP: 22/22 MP: 3/3
   443 | D:1      | Reached skill level 3 in Short Blades
   748 | D:2      | Reached skill level 1 in Stealth
   772 | D:2      | Reached XP level 4. HP: 15/27 MP: 4/4
  1632 | D:3      | Reached XP level 5. HP: 24/32 MP: 5/5
  1742 | D:3      | Noticed a phantom
  1799 | D:3      | Killed a phantom
  2142 | D:3      | Reached XP level 6. HP: 32/37 MP: 6/6
  2595 | D:4      | Found Vissufid's Antique Armour Shoppe.
  2659 | D:4      | Found a glowing golden altar of the Shining One.
  2845 | D:4      | Reached skill level 4 in Short Blades
  2846 | D:4      | Slain by a wight

Skill      XL: |  1  2  3  4  5  6 |
---------------+-------------------+-----
Armour         | 1 2 3 |  3.3
Short Blades   | 3 4 |  4.0
Stealth        | 1 2 |  2.3
Dodging        | 3 |  3.7
Fighting       | 3 |  3.3
Throwing       | |  1.7

Action                   |  1- 3 |  4- 6 || total
-------------------------+-------+-------++-------
Melee: Rapier            |   102 |   252 ||   354
Throw: Throwing net      |       |     1 ||     1
  Use: Potion            |       |     4 ||     4
 Stab: Sleeping          |       |     5 ||     5
  Eat: Chunk             |       |     7 ||     7
Armor: Leather armour    |    44 |    99 ||   143
Dodge: Dodged            |    62 |   164 ||   226
